 Dungeon Crawl Stone Soup version 0.32-a0-571-gec57dfcd37 (webtiles) character file.

Game seed: 12126625665298933255

9 ytrimaz the Sneak (level 2, 0/24 HPs)
             Began as a Coglin Delver on Mar 1, 2024.
             Succumbed to an adder's poison
             ... on level 4 of the Dungeon.
             The game lasted 00:00:26 (189 turns).

ytrimaz the Sneak (Coglin Delver)                    Turns: 189, Time: 00:00:27

Health: 0/24       AC:  3    Str: 12    XL:     2   Next: 12%
Magic:  2/2        EV: 11    Int:  9    God:
Gold:   40         SH:  0    Dex: 15    Spells: 1/1 levels left

rFire   . . .        a - +0 hand axe {Mirko}
rCold   . . .        h - +0 dagger {Shatamurrim}
rNeg    . . .        b - +0 leather armour
rPois   .            (no helmet)
rElec   .            (no cloak)
rCorr   .            (no gloves)
SInv    .            (no boots)
Will    +....        (amulet unavailable)
Stlth   ++           (ring unavailable)
HPRegen 0.24/turn    (ring unavailable)
MPRegen 0.08/turn    (no gizmo)

%: no passive effects
@: mighty, brilliant, lethally poisoned (0 -> -1), enlightened, flying, hasted,
revving, very quick
A: off-hand wielding, slow wielding, warmup strikes, no jewellery
a: Invent Gizmo


You were on level 4 of the Dungeon.
You visited 1 branch of the dungeon, and saw 2 of its levels.

You collected 40 gold pieces.


Innate Abilities, Weirdness & Mutations

You can wield a second weapon in your off-hand.
It takes a long time for you to wield or remove held weapons.
Your first few attacks do less damage.
You cannot equip rings or amulets.


   Skills:
 + Level 3.2 Fighting
 + Level 2.2 Axes
 + Level 0.7 Armour
 - Level 1.7 Dodging
 - Level 4.1 Stealth


You had one spell level left.
You didn't know any spells.
Your spell library contained the following spells:

 Spells                   Type           Power      Damage    Failure   Level
 Passage of Golubria      Tloc           0%         N/A       99%         4
 Silence                  Hex/Air        0%         N/A       100%        5
 Lehudib's Crystal Spear  Conj/Erth      0%         10d2      100%        8

Inventory:

Hand Weapons
 a - a +0 hand axe (weapon) {Mirko}
 h - a +0 dagger (offhand) {Shatamurrim}
Armour
 b - a +0 leather armour (worn)
Wands
 g - a wand of digging (3)
Scrolls
 c - a scroll of fog
 d - a scroll of revelation
 e - a scroll of fear
Potions
 i - 2 potions of enlightenment

Dungeon Overview and Level Annotations

Branches:
Dungeon (5/15) Zot: 11810
 Temple: D:4-7

Altars:

Annotations:
D:4 Natasha

.# .# .# .#
.### ...
########.####.#
.......@†......
#######........
#.#......
#.#..####
#.#..# +...
#.#..# #...
#+##### #.#...
#... .....h.
#.#.#.. #...
....... #.#.#
#...


There were no monsters in sight!


Message History

Welcome, ytrimaz the Coglin Delver.
Will you prevail where others failed? Will you find the Orb of Zot?
Press ? for a list of commands and other information.
Found 2 green potions.
Found a stone staircase leading down.
No target in view!
i - 2 green potions
i - 3 green potions (gained 1)
You now have 17 gold pieces.
You pick up a book of the Moon and begin reading...
You add the spells Passage of Golubria, Silence and Lehudib's Crystal Spear to your library.
Unknown command.
You open the door.
There is an open door here.
j - a puce potion
Found a stone staircase leading up.
An orc comes into view. It is wielding a +0 hand axe.
An orc is nearby!
Unknown command.
There is a stone staircase leading up here.
You climb upwards.
There is a stone staircase leading down here.
k - a golden potion You now have 28 gold pieces (gained 11).
You see here a +1 whip of flaming.
You now have 40 gold pieces (gained 12).
Key pressed, stopping explore.
Natasha, Servant of Life and Death comes into view.
Unknown command.
An adder comes into view.
The adder hisses angrily.
The adder barely misses you.
You closely miss the adder with your +0 hand axe.
You hit the adder with your +0 dagger. The adder closely misses you.
You hit the adder but do no damage.
You closely miss the adder with your +0 hand axe.
The adder barely misses you.
Unknown command.
You closely miss the adder with your +0 hand axe.
You miss the adder with your +0 dagger. The adder completely misses you.
The adder barely misses you.
You closely miss the adder with your +0 hand axe.
You hit the adder with your +0 dagger. The adder bites you. 😕 HP[-1]
You take 1 damage, and now have 17/18 hp.
Unknown command.
You barely miss the adder with your +0 dagger.
You barely miss the adder with your +0 hand axe.
The adder barely misses you. The adder bites you.
You are poisoned.
The adder poisons you! 😮 HP[-4]
You take 4 damage, and now have 13/18 hp.
MASSIVE DAMAGE!! (PAUSE)
You completely miss the adder with your +0 hand axe.
You miss the adder with your +0 dagger.
You feel sick.
The adder completely misses you. 😮 HP[-1]
You take 1 damage, and now have 12/18 hp.
Unknown command.
You hit the adder with your +0 hand axe.
You closely miss the adder with your +0 dagger.
You feel sick. The adder barely misses you. The adder bites you.
You are more poisoned.
The adder poisons you! 😮 HP[-2]
You take 2 damage, and now have 10/18 hp.
You closely miss the adder with your +0 dagger.
You miss the adder with your +0 hand axe.
You feel sick. The adder bites you.
* * * LOW HITPOINT WARNING * * *
😱 HP[-6]
You take 6 damage, and now have 4/18 hp.
MASSIVE DAMAGE!! (PAUSE)
You hit the adder with your +0 dagger.
You kill the adder!
* * * LOW HITPOINT WARNING * * *
You feel sick.
You have reached level 2! 😱 HP[-1] MP[+1]
You now have 24 max hp (+6).
Your mp is fully restored (2).
It was a potion of enlightenment.
You feel very buoyant.
You fly up into the air.
* * * LOW HITPOINT WARNING * * *
You feel sick.
It was a potion of brilliance.
You feel clever all of a sudden.
* * * LOW HITPOINT WARNING * * *
You feel sick. 😱 HP[-1]
You take 1 damage, and now have 2/24 hp.
It was a potion of might.
You feel very mighty all of a sudden.
* * * LOW HITPOINT WARNING * * *
You feel sick. 😱 HP[-1]
You take 1 damage, and now have 1/24 hp.
Unknown command.
You feel yourself speed up.
You die...

Action                     || total
---------------------------++-------
  Melee: Dagger            ||     9
         Hand axe          ||     8
    Use: Potion            ||     4
 Armour: Leather armour    ||     4
  Dodge: Dodged            ||     8

Levels and vault maps discovered:
D:4:      layout_basic, minmay_snake_closets, uniq_ijyb, uniq_natasha
D:5:      layout_basic, minmay_misc_feat_hallway, uniq_blork_the_orc

Notes
Turn   | Place    | Note
-------+----------+-------------------------------------------
     0 | D:5      | ytrimaz the Coglin Delver began the quest for the Orb.
     0 | D:5      | Reached XP level 1. HP: 18/18 MP: 1/1
     0 | D:5      | magus.rc [v1.9.6]
    23 | D:5      | You pick up a book of the Moon and begin reading...
    23 | D:5      | You add the spells Passage of Golubria, Silence and
                  | Lehudib's Crystal Spear to your library.
   148 | D:4      | Noticed Natasha
   184 | D:4      | HP: 4/18 [adder (4)]
   186 | D:4      | Reached XP level 2. HP: 3/24 MP: 2/2
   188 | D:4      | HP: 1/24 [poisoned by an adder]
   189 | D:4      | Succumbed to an adder's poison

Vanquished Creatures
  An adder (D:4)
1 creature vanquished.

Table legend:
 A = Non-vault XP
 B = Vault XP
 C = Vault XP percentage of total XP
 D = Non-vault monster count
 E = Vault monster count
 F = Vault count percentage of total count
                 A         B        C        D         E       F
            +---------+---------+-------+---------+---------+-------
      Total |      13 |       0 |   0.0 |       1 |       0 |   0.0
            +---------+---------+-------+---------+---------+-------
        D:4 |      13 |       0 |   0.0 |       1 |       0 |   0.0
            +---------+---------+-------+---------+---------+-------

Action                     || total
---------------------------++-------
  Melee: Dagger            ||     9
         Hand axe          ||     8
    Use: Potion            ||     4
 Armour: Leather armour    ||     4
  Dodge: Dodged            ||     8

Illustrated notes

Table legend:
 A = Kills in this place as a percentage of kills in the entire game.
 B = Kills by you in this place as a percentage of kills by you in the entire game.
 C = Kills by friends in this place as a percentage of kills by friends in the entire game.
 D = Other kills in this place as a percentage of other kills in the entire game.
 E = Experience gained in this place as a percentage of experience gained in the entire game.
 F = Experience gained in this place divided by the number of levels of this place that you have seen.
                   A       B       C       D       E      F
               +-------+-------+-------+-------+-------+----------------------
         Total | 100.0 | 100.0 |   N/A |   N/A | 100.0 |   6.5
       Dungeon | 100.0 | 100.0 |   N/A |   N/A | 100.0 |   6.5
               +-------+-------+-------+-------+-------+----------------------

Table legend: (Time is in decaauts)
 A = Elapsed time spent in this place.
 B = Non-inter-level travel time spent in this place.
 C = Inter-level travel time spent in this place.
 D = Time resting spent in this place.
 E = Time spent auto-exploring this place.
 F = Levels seen in this place.
 G = Mean time per level.
                   A        B        C        D        E       F      G
               +--------+--------+--------+--------+--------+-----+--------+
         Total |    189 |    189 |      0 |      0 |    136 |   2 |   94.5 |
       Dungeon |    189 |    189 |      0 |      0 |    136 |   2 |   94.5 |
               +--------+--------+--------+--------+--------+-----+--------+

Top non-repeatable levels by time:
     D:4: 103 daAuts
     D:5: 86 daAuts
